 Dungeon Crawl Stone Soup version 0.30.0-30-g96aa6591b8 (webtiles) character file.

Game seed: 3200940287108872352

3588 booth the Conjurer (level 9, -6/62 HPs)
             Began as a Green Draconian Conjurer on June 29, 2023.
             Was a Follower of Vehumet.
             Mangled by a sixfirhy (12 damage)
             ... summoned by a kobold demonologist
             ... on level 7 of the Dungeon on June 30, 2023.
             The game lasted 01:14:30 (9202 turns).

booth the Conjurer (Green Draconian Conjurer)       Turns: 9202, Time: 01:14:30

Health: -6/62      AC: 12    Str: 19    XL:     9   Next: 85%
Magic:  6/17       EV: 13    Int: 24    God:    Vehumet [*.....]
Gold:   409        SH:  0    Dex: 11    Spells: 2/19 levels left

rFire   . . .        x - +6 hand axe of the Shore {flame, Str+2 Dex+2}
rCold   . . .        (no shield)
rNeg    . . .        (body armour unavailable)
rPois   +            e - +2 hat
rElec   .            o - +2 cloak
rCorr   .            (no gloves)
SInv    .            (no boots)
Will    .....        (no amulet)
Stlth   +++          s - +6 ring of strength
HPRegen 0.30/turn    (no ring)
MPRegen 0.15/turn

%: no passive effects
@: no status effects
A: breathe noxious fumes, AC +7, unfitting armour, poison resistance,
cold-blooded, clever 1, sense surroundings 1
a: Breathe Noxious Fumes, Renounce Religion


You were on level 7 of the Dungeon.
You worshipped Vehumet.
Vehumet was aware of your devotion.
You visited 2 branches of the dungeon, and saw 8 of its levels.

You collected 409 gold pieces.

Inventory:

Hand Weapons
 i - a +0 war axe
 l - a +0 mace
 x - the +6 hand axe of the Shore (weapon) {flame, Str+2 Dex+2}
   (You found it on level 6 of the Dungeon)

   Str:       It affects your strength (+2).
   Dex:       It affects your dexterity (+2).
Missiles
 d - 14 poisoned darts (quivered)
 j - 10 boomerangs
 k - 8 javelins
Armour
 e - a +2 hat (worn)
 o - a +2 cloak (worn)
Jewellery
 c - a ring of fire
 s - a +6 ring of strength (left hand)
Wands
 u - a wand of digging (6)
 z - a wand of flame (12)
Scrolls
 b - a scroll of silence
 f - a scroll of fog {unknown}
 n - 3 scrolls of immolation
 v - 2 scrolls of poison
 w - a scroll of fear
 A - a scroll of amnesia {unknown}
 B - a scroll of identify
Potions
 a - a potion of magic
 g - 2 potions of might
 h - 2 potions of berserk rage
 m - a potion of haste
 p - 2 potions of attraction
 q - a potion of heal wounds
 r - a potion of resistance
 t - 4 potions of curing
Miscellaneous
 y - a piece from Xom's chessboard (15/15)


   Skills:
 + Level 5.0 Axes
 + Level 5.8 Dodging
 + Level 6.1 Stealth
 + Level 5.7 Spellcasting
 + Level 7.2 Conjurations
 + Level 4.8 Hexes


You had 2 spell levels left.
You knew the following spells:

 Your Spells              Type           Power      Damage    Failure   Level
a - Magic Dart            Conj           100%       1d8       1%          1
b - Searing Ray           Conj           82%        2d7       1%          2
c - Static Discharge      Conj/Air       48%        2-4/arc   2%          2
d - Dazzling Flash        Conj/Hex       70%        N/A       1%          3
e - Wereblood             Tmut           6%         N/A       12%         2
f - Blink                 Tloc           12%        N/A       12%         2
g - Kiss of Death         Conj/Necr      96%        2d12      1%          1
h - Fulminant Prism       Conj/Hex       17%        3d10      7%          4

Your spell library contained the following spells:

 Spells                   Type           Power      Damage    Failure   Level
 Beastly Appendage        Tmut           12%        N/A       9%          1
 Summon Small Mammal      Summ           24%        N/A       9%          1
 Summon Guardian Golem    Hex/Summ       18%        N/A       9%          3
 Iskenderun's Mystic Bla  Conj/Tloc      24%        2d7       19%         4
 Call Canine Familiar     Summ           6%         N/A       24%         3
 Spider Form              Tmut/Pois      6%         N/A       24%         3
 Airstrike                Air            3%         2d(1-17)  63%         4
 Manifold Assault         Tloc           6%         N/A       63%         4
 Passage of Golubria      Tloc           6%         N/A       63%         4
 Summon Lightning Spire   Summ/Air       6%         N/A       63%         4
 Silence                  Hex/Air        9%         N/A       63%         5
 Storm Form               Tmut/Air       3%         N/A       100%        7
 Lehudib's Crystal Spear  Conj/Erth      12%        10d4      100%        8


Dungeon Overview and Level Annotations

Branches:
Dungeon (7/15)             Temple (1/1) D:6

Altars:
Ashenzari
Elyvilon
Fedhas
Gozag
Hepliaklqana
Kikubaaqudgha
Makhleb
Nemelex Xobeh
Qazlal
Trog
Uskayaw
Vehumet
Xom
Zin
The Shining One

Shops:
D:3 *   D:6 ![   D:7 *


Innate Abilities, Weirdness & Mutations

You can breathe blasts of noxious fumes.
Your lurid green scales are hard. (AC +7)
You cannot fit into any form of body armour.
Your system is resistant to poisons. (rPois)
You are cold-blooded and may be slowed by cold attacks.
Your mind is acute. (Int +4, Str/Dex -1)
You passively map a small area around you.


Message History

The kobold demonologist is almost dead.
The searing ray hits the ynoxinul!
The ynoxinul is severely wounded.
You finish channelling your searing ray.
The sixfirhy hits you but does no damage.
The sixfirhy closely misses you. The sixfirhy hits you.
The sixfirhy shocks you!
The kobold demonologist hits you with a +0 dagger.
You closely miss the kobold demonologist.
The kobold demonologist is almost dead.
You hit the sixfirhy. You burn the sixfirhy. You closely miss the smoke demon.
The kobold demonologist hits you but does no damage.
A bullfrog comes into view.
The smoke demon hits you but does no damage. x2
The smoke demon closely misses you.
You barely miss the kobold demonologist.
The kobold demonologist is almost dead.
You closely miss the sixfirhy.
The bullfrog gives a loud, deep croak!
You hit the smoke demon.
The kobold demonologist hits you but does no damage.
The smoke demon gestures at you. Something smites you!
* * * LOW HITPOINT WARNING * * *
You feel much better. The sixfirhy hits you. The sixfirhy shocks you!
The sixfirhy barely misses you.
The kobold demonologist looks satisfied for a moment.
The sixfirhy closely misses you.
The ynoxinul gestures.
The smoke demon hits you but does no damage. x3
You hit the kobold demonologist. You burn the kobold demonologist.
The kobold demonologist is almost dead.
You hit the smoke demon. You closely miss the sixfirhy. The sixfirhy hits you!
* * * LOW HITPOINT WARNING * * *
The sixfirhy shocks you!
* * * LOW HITPOINT WARNING * * *
The sixfirhy misses you. The sixfirhy hits you.
* * * LOW HITPOINT WARNING * * *
The sixfirhy shocks you!
You die...

.....
,..#..#.!.#..#.............
###..
.#.#..#.#..#.#.<..........
..# ,
#..#$.#..#..#............
.##
#..#...#..##..##...##..# ##
* #..#.#..##..########..# #
, #..#..##.............. *
, # #.###............... *
, , #..#3.#............>..
#....@#...5...........
....#.(3#K35............. *
#.##.....#5.5............ ,
# #..#..#..##.##.##...##
*###.###..##.########## ,
**... ##.F............ * *
*..#. , #............. * *
..##. *#............ ,.# *
, ,#............


You could see a kobold demonologist, a sixfirhy (summoned), a smoke demon
(summoned), a ynoxinul (summoned), a bullfrog and 3 ufetubi.

Vanquished Creatures
  Pikel (D:6)
  Maggie (D:7)
  Prince Ribbit (D:6)
  A wraith (D:7)
  A wyvern (D:6)
  Edmund (D:6)
  A water moccasin (D:7)
  A black bear (D:6)
  An orc warrior (D:7)
  An ice beast (D:6)
  A sky beast (D:7)
  An ogre (D:6)
  A lemure (D:6)
  2 centaurs
  A phantom (D:7)
  2 necrophages (D:5)
  Blork the orc (D:6)
  A bullfrog (D:7)
  3 scorpions
  A water moccasin zombie (D:5)
  A wight (D:7)
  A jelly (D:4)
  3 hounds
  Crazy Yiuf (D:2)
  A gnoll bouda (D:7)
  A human zombie (D:5)
  Jessica (D:3)
  A scorpion zombie (D:5)
  Natasha (twice) (D:4)
  An iguana (D:4)
  6 orc wizards
  2 hound zombies (D:5)
  3 mummies (D:5)
  A howler monkey zombie (D:5)
  16 gnolls
  12 adders
  2 shadow imps (D:7)
  2 white imps
  An ufetubus (D:6)
  2 worms
  3 dart slugs
  20 orcs
  2 bats
  8 endoplasms
  2 giant cockroaches
  5 goblins
  7 hobgoblins
  3 jackals (D:1)
  4 kobolds
  4 quokkas
  6 ball pythons
  2 frilled lizards
  7 rats
  A fulminant prism (D:7)
158 creatures vanquished.

Notes
Turn   | Place    | Note
-------+----------+-------------------------------------------
     0 | D:1      | booth the Draconian Conjurer began the quest for the Orb.
     0 | D:1      | Reached XP level 1. HP: 14/14 MP: 3/3
   235 | D:1      | Reached XP level 2. HP: 18/20 MP: 3/5
   256 | D:1      | Learned a level 2 spell: Searing Ray
   551 | D:1      | You fall into a shaft and drop 1 floor!
   939 | D:1      | Learned a level 2 spell: Static Discharge
  1009 | D:1      | Gained mutation: You are weak. (Str -2) [potion of
                  | mutation]
  1009 | D:1      | Gained mutation: You are dopey. (Int -2) [potion of
                  | mutation]
  1042 | D:2      | Found a stormy altar of Qazlal.
  1124 | D:2      | Reached XP level 3. HP: 26/26 MP: 2/6
  1436 | D:2      | Lost mutation: You are dopey. (Int -2) [potion of mutation]
  1436 | D:2      | Lost mutation: You are weak. (Str -2) [potion of mutation]
  1436 | D:2      | Gained mutation: You passively map a small area around you.
                  | [potion of mutation]
  1436 | D:2      | Gained mutation: Your mind is acute. (Int +4, Str/Dex -1)
                  | [potion of mutation]
  1461 | D:2      | Reached XP level 4. HP: 26/33 MP: 3/7
  1468 | D:2      | Learned a level 3 spell: Dazzling Flash
  2049 | D:2      | Found a runed translucent door.
  2050 | D:2      | Noticed Crazy Yiuf
  2058 | D:2      | Killed Crazy Yiuf
  2371 | D:3      | Reached XP level 5. HP: 38/38 MP: 3/9
  2650 | D:3      | Noticed Jessica
  2667 | D:3      | Killed Jessica
  2775 | D:3      | Found a faded altar of an unknown god.
  3100 | D:3      | Found Riwy's General Store.
  3806 | D:4      | Reached XP level 6. HP: 28/45 MP: 1/11
  3891 | D:4      | Learned a level 2 spell: Wereblood
  4028 | D:4      | Reached skill level 5 in Conjurations
  4118 | D:4      | Reached skill level 1 in Axes
  4323 | D:4      | Reached skill level 1 in Hexes
  4696 | D:4      | Noticed Natasha
  4711 | D:4      | Killed Natasha
  4816 | D:4      | Noticed Natasha
  4927 | D:5      | Entered Level 5 of the Dungeon
  5240 | D:5      | Found a shimmering altar of Xom.
  5291 | D:4      | Your scales start taking on a lurid green colour.
  5291 | D:4      | Reached XP level 7. HP: 35/50 MP: 12/12
  5291 | D:4      | Gained mutation: Your system is resistant to poisons.
                  | (rPois) [Green Draconian growth]
  5302 | D:4      | Killed Natasha
  5893 | D:5      | Found a radiant altar of Vehumet.
  5918 | D:5      | Became a worshipper of Vehumet
  6029 | D:5      | Found an ancient bone altar of Kikubaaqudgha.
  6270 | D:6      | Reached XP level 8. HP: 51/57 MP: 14/14
  6283 | D:6      | Found Ruf Tead's Armour Boutique.
  6341 | D:6      | Found a staircase to the Ecumenical Temple.
  6352 | Temple   | Entered the Ecumenical Temple
  6516 | D:6      | Noticed Edmund
  6580 | D:6      | Identified the +6 hand axe of the Shore {flame, Str+2
                  | Dex+2}
  6621 | D:6      | Learned a level 2 spell: Blink
  7034 | D:6      | Noticed Blork the orc
  7054 | D:6      | Killed Blork the orc
  7163 | D:6      | Reached skill level 6 in Conjurations
  7291 | D:6      | Found Jokhlagink's Distillery.
  7305 | D:6      | Noticed Prince Ribbit
  7330 | D:6      | Killed Prince Ribbit
  7331 | D:6      | Reached skill level 5 in Stealth
  7446 | D:6      | Found a white marble altar of Elyvilon.
  7540 | D:6      | Noticed Pikel
  7553 | D:6      | Killed Pikel
  7554 | D:6      | Reached skill level 5 in Dodging
  7554 | D:6      | Reached skill level 5 in Spellcasting
  7554 | D:6      | Reached XP level 9. HP: 50/62 MP: 6/16
  7718 | D:6      | Killed Edmund
  7718 | D:6      | Reached * piety under Vehumet
  7718 | D:6      | Offered knowledge of Kiss of Death by Vehumet.
  7911 | D:6      | Learned a level 1 spell: Kiss of Death
  7916 | D:6      | Learned a level 4 spell: Fulminant Prism
  8836 | D:7      | Identified the +1 scale mail of Ashenzari's Generosity
                  | {rC+}
  8881 | D:7      | Reached skill level 7 in Conjurations
  8954 | D:7      | Found Axiun's General Store.
  9020 | D:7      | Noticed Maggie
  9045 | D:7      | Killed Maggie
  9175 | D:7      | Noticed a kobold demonologist
  9183 | D:7      | Reached skill level 5 in Axes
  9197 | D:7      | Noticed a sixfirhy
  9198 | D:7      | Noticed a smoke demon
  9202 | D:7      | Mangled by a sixfirhy

Illustrated notes

Levels and vault maps discovered:
D:1:      dpeg_arrival_oval, layout_rooms, minmay_tiny_reverse_x
D:2:      minmay_door_path, layout_rooms, serial_rivers,
          chequers_serial_rivers_large_a, chequers_serial_rivers_micro_a,
          chequers_serial_rivers_micro_d, chequers_serial_rivers_marsh,
          chequers_serial_rivers_micro_a, chequers_serial_rivers_room_b,
          basic_altar, chequers_serial_rivers_micro_d, kennysheep_path_1,
          kennysheep_flooded_box, uniq_crazy_yiuf_cottage
D:3:      layout_basic, serial_bayou, serial_bayou_shore_b, serial_bayou_lake_a,
          serial_bayou_pond_c, serial_bayou_crossing, serial_bayou_ford_a,
          chequers_ecumenical_altar_grove, serial_shops, nicolae_shop_trees,
          uniq_jessica
D:4:      layout_loops_ring, uniq_natasha
D:5:      layout_rooms, mainiacjoe_overflow_brackets,
          lemuel_mausoleum_altar_kikubaaqudgha, xom_butterflies, minivault_1
D:6:      layout_basic, elyvilon_altar_5, minmay_temple_entry_glass,
          serial_shops, shop, nicolae_shop_pleasant_corner_grove,
          nicolae_eternal_life, uniq_edmund, uniq_pikel, uniq_blork_the_orc,
          uniq_prince_ribbit1
D:7:      minmay_the_grid_octo_tiled_octocenter
          [minmay_the_grid_octo_thin_diamonds, minmay_the_grid_octo_pinwheel,
          minmay_the_grid_octo_tetromino_candy, minmay_the_grid_octo_clover,
          minmay_the_grid_octo_prize_square_snowflake,
          minmay_the_grid_square_5x5_fat_x, minmay_the_grid_square_5x5_shrine1,
          minmay_the_grid_square_5x5_almost_minimal,
          minmay_the_grid_square_5x5_empty], layout_gridville, serial_shops,
          nicolae_shop_behind_doors, uniq_maggie
Temple:   hellmonk_temple_beads

Skill      XL: |  1  2  3  4  5  6  7  8  9 |
---------------+----------------------------+-----
Stealth        | 2 3 4 5 6 |  6.1
Dodging        | 2 3 4 5 |  5.8
Spellcasting   | 3 4 5 |  5.7
Conjurations   | 5 6 7 |  7.2
Axes           | 1 2 4 5 |  5.0
Hexes          | 1 2 3 4 |  4.8

Action                     |  1- 3 |  4- 6 |  7- 9 || total
---------------------------+-------+-------+-------++-------
  Melee: Unarmed           |    25 |       |       ||    25
         Tailslap          |    10 |    14 |    27 ||    51
         Short sword       |    11 |       |       ||    11
         Club              |    10 |       |       ||    10
         Hand axe          |    19 |   104 |   225 ||   348
         Punch             |       |     3 |     3 ||     6
  Throw: Javelin           |     1 |       |       ||     1
         Dart              |       |     2 |     6 ||     8
   Cast: Magic Dart        |    33 |    53 |    40 ||   126
         Searing Ray       |     5 |    19 |    29 ||    53
         Static Discharge  |       |     1 |     5 ||     6
         Fulminant Prism   |       |       |     1 ||     1
Ability: Breathe Noxious F |       |       |     3 ||     3
    Use: Potion            |     3 |     5 |     3 ||    11
         Scroll            |     2 |    10 |     2 ||    14
   Stab: Sleeping          |       |     3 |     2 ||     5
 Armour: Skin              |    34 |    44 |   118 ||   196
  Dodge: Dodged            |    69 |    94 |   185 ||   348
